 Dungeon Sprint DCSS version 0.21.1-1-g345015f (webtiles) character file.

7 snha the Cudgeler (level 2, -8/43 HPs)
             Began as an Ogre Hunter on July 16, 2018.
             Was an Initiate of Okawaru.
             Killed from afar by a merfolk (10 damage)
             ... with an exploding inner flame
             ... hexed by the player character
             ... in the Dungeon (Sprint V: "Ziggurat Sprint").
             The game lasted 00:01:41 (124 turns).

snha the Cudgeler (Ogre Hunter)                      Turns: 124, Time: 00:01:41

Health: -8/43      AC: 16    Str: 32    XL:     2   Next: 0%
Magic:  2/2        EV:  7    Int: 12    God:    Okawaru [......]
Gold:   0          SH:  0    Dex:  9    Spells: 1/1 levels left

rFire    + + .     SeeInvis .   P - +7 great mace "Firestarter" {inner flame, rF++}
rCold    . . .     Gourm    .   (shield currently unavailable)
rNeg     . . .     Faith    .   O - +5 shadow dragon scales
rPois    .         Spirit   .   (helmet restricted)
rElec    .         Reflect  .   (no cloak)
rCorr    .         Harm     .   (gloves unavailable)
MR       .....     NoTele   +   (boots unavailable)
Stlth    ..........             (no amulet)
HPRegen  0.14/turn              B - +6 ring of strength
MPRegen  0.08/turn              C - +6 ring of strength

@: berserking (expiring), very quick
A: large, unfitting armour, tough skin 1
a: Renounce Religion


You were in the Dungeon.
You worshipped Okawaru.
Okawaru was noncommittal.
You were not hungry.

You visited 1 branch

Inventory:

Hand Weapons
 a - a +0 short sword
 G - a +5 demon whip
 H - a +5 giant club
 I - a +5 giant spiked club
 J - a +5 great mace
 P - the +7 great mace "Firestarter" (weapon) {inner flame, rF++}
   (You found it in the Dungeon)

   It has been specially enchanted to burn those struck by it, causing extra
   injury to most foes and up to half again as much damage against particularly
   susceptible opponents.
   It greatly protects you from fire.
Missiles
 c - 5 large rocks (quivered)
 d - 2 throwing nets
Armour
 b - a +0 robe
 K - a +3 large shield
 L - a +3 shield
 M - +5 fire dragon scales
 N - +5 gold dragon scales
 O - +5 shadow dragon scales (worn)
Jewellery
 x - a +6 ring of dexterity
 y - a +6 ring of dexterity
 z - a +6 ring of intelligence
 A - a +6 ring of intelligence
 B - a +6 ring of strength (left hand)
 C - a +6 ring of strength (right hand)
Wands
 D - a wand of disintegration (7)
 E - a wand of iceblast (7)
 F - a wand of acid (7)
Scrolls
 k - 4 scrolls of blinking
 r - 4 scrolls of amnesia
 s - 7 scrolls of fog
 t - a scroll of holy word
 u - 5 scrolls of identify
 v - 5 scrolls of remove curse
 w - 2 scrolls of fear
Potions
 e - 10 potions of curing
 g - 10 potions of heal wounds
 h - 6 potions of haste
 i - 7 potions of magic
 j - 2 potions of berserk rage
 l - 2 potions of brilliance
 m - 2 potions of invisibility
 n - 4 potions of resistance
 p - 5 potions of agility
 q - 5 potions of might
Comestibles
 f - 7 rations


   Skills:
 - Level 2.6 Fighting
 + Level 6.7 Maces & Flails
 - Level 4.0 Throwing
 - Level 1.7 Dodging
 - Level 0.6 Stealth


You had one spell level left.
You didn't know any spells.

Dungeon Overview and Level Annotations

Branches:
Dungeon (1/1)

Altars:
Ashenzari
Cheibriados
Dithmenos
Elyvilon
Fedhas
Gozag
Hepliaklqana
Kikubaaqudgha
Makhleb
Nemelex Xobeh
Okawaru
Qazlal
Ru
Sif Muna
Trog
Uskayaw
Vehumet
Wu Jian
Xom
Yredelemnul
Zin
The Shining One
Beogh
Jiyva
Lugonu

Annotations:
D 1 transporter


Innate Abilities, Weirdness & Mutations

You are too large for most types of armour.
You have tough skin. (AC +1)


Message History

You completely miss the merfolk.
The merfolk is severely wounded.
The merfolk hits you but does no damage.
The merfolk barely misses you.
You closely miss the merfolk.
The merfolk is severely wounded.
The merfolk hits you with a trident.
You closely miss the merfolk.
The merfolk is severely wounded.
The merfolk hits you but does no damage.
You closely miss the merfolk.
The merfolk is severely wounded.
The merfolk hits you with a trident. The merfolk hits you with a trident!
* * * LOW HITPOINT WARNING * * *
You bludgeon the merfolk!! You burn the merfolk.
The merfolk explodes!
The fiery explosion engulfs the merfolk.
The merfolk is heavily wounded.
The fiery explosion engulfs you! You resist.
You die...

▓▓▓▓▓▓▓
▓.8©8.▓
▓.....▓
▓.=§§.▓
▓.§§m.▓
▓.§@§.▓
▓..©..▓
▓▓▓▓▓▓▓


You could see a merfolk.

Vanquished Creatures (others)
  A spatial maelstrom (D)
1 creature vanquished.

Notes
Turn   | Place    | Note
-------+----------+-------------------------------------------
     0 | D        | Found the +6 Majin-Bo {vamp, Archmagi MP+6 Int+6}
     0 | D        | Found the +7 great mace "Firestarter" {inner flame, rF++}
     0 | D        | snha the Ogre Hunter began the quest for the Orb.
     0 | D        | Reached XP level 1. HP: 22/22 MP: 1/1
     0 | D        | Found a deep blue altar of Sif Muna.
     0 | D        | Found a sacrificial altar of Ru.
     0 | D        | Found a bloodstained altar of Trog.
     0 | D        | Found a stormy altar of Qazlal.
     0 | D        | Found an iron altar of Okawaru.
     0 | D        | Found a sparkling altar of Nemelex Xobeh.
     0 | D        | Found a blossoming altar of Fedhas.
     2 | D        | Found a transporter.
     2 | D        | Found an ancient bone altar of Kikubaaqudgha.
     2 | D        | Found a viscous altar of Jiyva.
     2 | D        | Found a corrupted altar of Lugonu.
     2 | D        | Found a hazy altar of Hepliaklqana.
     2 | D        | Found a burning altar of Makhleb.
     2 | D        | Found an opulent altar of Gozag.
     2 | D        | Banished a spatial maelstrom
    81 | D        | Found the +9 heavy crossbow "Sniper" {velocity, Acc+∞ SInv}
    81 | D        | Found the +10 dark maul {crush}
    81 | D        | Found the +15 Maxwell's patent armour {-Cast -Tele rElec MR+ rCorr}
    81 | D        | Found the +18 shield of the Gong {rElec rN+ MR+ EV-5}
    81 | D        | Found the cursed +14 obsidian axe {chop, +Fly SInv *Curse}
    82 | D        | Found the +6 shillelagh "Devastator" {shatter}
    82 | D        | Found the +11 plutonium sword {*Contam Stlth-}
    82 | D        | Found the +8 lance "Wyrmbane" {slay drac, rPois rF+ rC+ AC+3}
    82 | D        | Found the +9 sword of Zonguldrok {reap}
    82 | D        | Found the cursed +13 scythe of Curses {drain, *Curse}
    82 | D        | Found the +0 sword of Power
    82 | D        | Found the +16 mace of Variability {chaos}
    82 | D        | Found the +7 Singing Sword
    82 | D        | Found the +7 longbow "Piercer" {penet, EV-2}
   106 | D        | Became a worshipper of Warmaster Okawaru
   108 | D        | Reached skill level 6 in Maces & Flails
   108 | D        | Reached XP level 2. HP: 29/29 MP: 2/2
   116 | D        | Entered arena 2.
   116 | D        | Noticed a merfolk
   116 | D        | Noticed a merfolk
   116 | D        | Found a transporter.
   123 | D        | HP: 2/43 [merfolk/trident (11)]
   124 | D        | Killed a merfolk
   124 | D        | Killed from afar by a merfolk

Skill      XL: |  1 |
---------------+----+-----
Maces & Flails | 6 |  6.7
Fighting       | |  2.6
Throwing       | |  4.0
Dodging        | |  1.7
Stealth        | |  0.6

Action                   || total
-------------------------++-------
Melee: Great mace        ||     6
  Use: Potion            ||     2
Armor: Shadow dragon sca ||     2
Dodge: Dodged            ||     1
